 Dungeon Crawl Stone Soup version 0.28.0-43-g3370ac3207 (webtiles) character file.

Game seed: 11645525476439838475

8668 pkoi the Arsonist (level 10, -13/81 HPs)
             Began as a Demigod Fire Elementalist on Mar 31, 2022.
             Killed by an exploding yak (20 damage)
             ... ignited by their inner flame
             ... on level 2 of the Lair of Beasts.
             The game lasted 00:23:21 (14293 turns).

pkoi the Arsonist (Demigod Fire Elementalist)      Turns: 14293, Time: 00:23:22

Health: -13/81     AC: 10    Str: 18 (19) XL:     10   Next: 89%
Magic:  4/21       EV: 25    Int: 33 (35) God:
Gold:   1582       SH:  5    Dex: 13 (14) Spells: 3/19 levels left

rFire   + . .      SeeInvis .   D - +10 dagger of Usootien {speed, Str+6 Int+2}
rCold   . . .      Faith    .   (no shield)
rNeg    . . .      Spirit   .   o - +2 leather armour of the Valley {rF+ Int+4}
rPois   +          Reflect  +   (no helmet)
rElec   .          Harm     .   m - +1 cloak of Starlight {*Dazzle EV+4 Stlth--}
rCorr   .          Rampage  .   I - +0 pair of gloves
Will    +....                   f - +1 pair of boots
Stlth   +.........              C - amulet of reflection
HPRegen 0.23/turn               p - ring of Sovereignty {rPois Str+4 Stlth+}
MPRegen 0.17/turn               w - ring of the Hare {EV+8}

@: no status effects
A: high MP 1, forlorn, divine attributes
a: no special abilities


You were on level 2 of the Lair of Beasts.
You visited 2 branches of the dungeon, and saw 11 of its levels.
You also visited: Bailey.

You collected 1771 gold pieces.
You spent 189 gold pieces at shops.

Inventory:

Hand Weapons
 d - a +0 whip
 g - a +0 quarterstaff
 i - a +1 trident of freezing
 n - a +1 quarterstaff of speed
 D - the +10 dagger of Usootien (weapon) {speed, Str+6 Int+2}
   (You found it on level 7 of the Dungeon)

   Attacks with this weapon are significantly faster.
   Str:       It affects your strength (+6).
   Int:       It affects your intelligence (+2).
Missiles
 a - a curare-tipped dart
Armour
 f - a +1 pair of boots (worn)
 m - the +1 cloak of Starlight (worn) {*Dazzle EV+4 Stlth--}
   (You found it on level 4 of the Dungeon)

   It may blind those who miss an attack against the wearer in melee combat.
   EV:        It affects your evasion (+4).
   Stlth:     It makes you much less stealthy.
 o - the +2 leather armour of the Valley (worn) {rF+ Int+4}
   (You bought it in a shop on level 8 of the Dungeon)

   Int:       It affects your intelligence (+4).
   rF:        It protects you from fire.
 I - a +0 pair of gloves (worn)
Jewellery
 h - a ring of magical power
 p - the ring of Sovereignty (left hand) {rPois Str+4 Stlth+}
   (You found it on level 4 of the Dungeon)

   [ring of poison resistance]

   Str:       It affects your strength (+4).
   rPois:     It protects you from poison.
   Stlth:     It makes you more stealthy.
 q - a ring of resist corrosion
 s - a ring of poison resistance
 t - a ring of willpower
 w - the ring of the Hare (right hand) {EV+8}
   (You acquired it on level 5 of the Dungeon)

   [ring of evasion]

   EV:        It affects your evasion (+8).
 C - an amulet of reflection (around neck)
 E - a ring of ice
Wands
 x - a wand of acid (12)
 B - a wand of mindburst (11)
 F - a wand of flame (30)
 K - a wand of iceblast (2)
Scrolls
 c - 3 scrolls of teleportation
 e - a scroll of identify
 r - a scroll of enchant armour
 v - 2 scrolls of magic mapping
 y - 2 scrolls of acquirement
 A - a scroll of amnesia
Potions
 b - 3 potions of curing
 j - a potion of berserk rage
 k - a potion of magic
 l - a potion of cancellation
 u - a potion of resistance
 z - 2 potions of haste
 G - a potion of heal wounds
 H - a potion of flight
 J - a potion of invisibility


   Skills:
 + Level 5.1 Fighting
 - Level 2.5 Staves
 + Level 2.2 Armour
 + Level 5.4 Dodging
 - Level 2.5 Stealth
 + Level 5.1 Spellcasting
 * Level 7.6 Conjurations
 + Level 4.9 Hexes
 + Level 3.3 Translocations
 * Level 8.1 Fire Magic


You had 3 spell levels left.
You knew the following spells:

 Your Spells              Type           Power      Damage    Failure   Level
a - Foxfire               Conj/Fire      100%       2x1d9     1%          1
b - Scorch                Fire           100%       2d10      1%          2
c - Inner Flame           Hex/Fire       51%        N/A       1%          3
d - Sticky Flame          Conj/Fire      57%        2d7       2%          4
e - Blink                 Tloc           60%        N/A       2%          2
f - Flame Wave            Conj/Fire      57%        2d11      2%          4

Your spell library contained the following spells:

 Spells                   Type           Power      Damage    Failure   Level
 Magic Dart               Conj           100%       1d8       1%          1
 Static Discharge         Conj/Air       33%        N/A       1%          2
 Conjure Flame            Conj/Fire      57%        6-21      1%          3
 Lesser Beckoning         Tloc           30%        N/A       4%          3
 Mephitic Cloud           Conj/Pois/Air  25%        N/A       6%          3
 Call Imp                 Summ           8%         N/A       9%          2
 Manifold Assault         Tloc           30%        N/A       36%         5
 Dispel Undead            Necr           8%         3d8       50%         4


Dungeon Overview and Level Annotations

Branches:
Dungeon (9/15)             Temple (0/1) D:6            Lair (1/6) D:9
 Bailey (visited)
    Orc: D:9-12

Shops:
D:8 *


Innate Abilities, Weirdness & Mutations

You have an increased reservoir of magic. (+10% MP)
You shall have no god before yourself.
Your divine heritage dramatically boosts your attributes as you level up.


Message History

The rime drake is no longer blind.
The water moccasin is engulfed in blazing flames.
Flame seeps out of the water moccasin.
The water moccasin misses you. You block the yak's attack.
You puncture the rime drake!
Flame seeps out of the rime drake.
The rime drake is heavily wounded.
The water moccasin is no longer blind.
The water moccasin is engulfed in blazing flames.
The water moccasin explodes!
The fiery explosion engulfs the rime drake!
Flame seeps out of the rime drake.
The rime drake is almost dead.
The fiery explosion engulfs the yak!!
Flame seeps out of the yak.
The yak is severely wounded.
The fiery explosion engulfs the yak!
The yak is moderately wounded.
The fiery explosion engulfs you!! You resist.
* * * LOW HITPOINT WARNING * * *
The yak gores you.
* * * LOW HITPOINT WARNING * * *
The yak closely misses you.
The rime drake is engulfed in blazing flames.
The rime drake explodes!
The fiery explosion engulfs the yak!
The fiery explosion engulfs the yak!!
You kill the yak!
The fiery explosion engulfs the fungus!!
The fungus begins to die.
The fungus is lightly damaged.
The fiery explosion engulfs the yak!!
The yak is almost dead.
The fiery explosion engulfs you! You resist.
* * * LOW HITPOINT WARNING * * *
The fiery explosion engulfs the plant!!!
The plant begins to die.
The plant is moderately damaged.
The fiery explosion engulfs the yak!!
Flame seeps out of the yak.
The yak is almost dead.
The yak explodes!
The fiery explosion engulfs you!! You resist.
You die...

#. . #...P# #.##.##
##...## ##......###
#P..## .#....#.#..##
##..##
#...........#####
#...P# #..........##.#
##...#
#...§§YPP.....###...##
#..§○○P# #..........#
##.§§@Y# #..........#
#(#.Y§.#####........#
# ##....####........#
#................#
....#.............P##
...####...........###
.. #...........# .
#####......## ##P....#


You could see 3 yaks.

Vanquished Creatures
  3 death yaks (D:9)
  Erica (D:8)
  Pikel (D:7)
  A cane toad (Lair:1)
  A rime drake (Lair:2)
  A komodo dragon (Lair:1)
  A vampire (D:9)
  Sigmund (D:4)
  6 yaks
  A wyvern (D:9)
  2 steam dragons
  2 water moccasins
  An ice beast (D:5)
  3 orc warriors
  A sky beast (D:7)
  A hornet zombie (D:8)
  2 ogres
  A black bear (D:7)
  A necrophage (D:6)
  3 wolves (Lair:1)
  3 centaurs
  10 kobold brigands
  A phantom (D:3)
  5 bullfrogs
  3 scorpions
  6 killer bees (D:9)
  8 wights
  2 centaur zombies (D:6)
  A lava snake (D:9)
  4 hounds
  8 orc priests
  An iguana (D:5)
  2 orc wizards
  A killer bee zombie (D:8)
  A hound skeleton (D:5)
  A howler monkey zombie (D:7)
  7 adders
  A howler monkey skeleton (D:4)
  2 white imps
  2 worms (D:2)
  4 dart slugs
  30 orcs
  5 endoplasms
  2 giant cockroaches (D:1)
  13 goblins
  6 hobgoblins
  4 jackals (D:1)
  29 kobolds
  7 ball pythons
  A ball python skeleton (D:2)
  3 bats
  A frilled lizard (D:3)
  11 rats
219 creatures vanquished.

Vanquished Creatures (others)
  659 foxfires
  3 fungi (Lair:1)
  10 plants (Lair:1)
  2 withered plants (D:8)
674 creatures vanquished.

Grand Total: 893 creatures vanquished

Notes
Turn   | Place    | Note
-------+----------+-------------------------------------------
     0 | D:1      | pkoi the Demigod Fire Elementalist began the quest for the
                  | Orb.
     0 | D:1      | Reached XP level 1. HP: 14/14 MP: 5/5
    35 | D:1      | Reached skill level 1 in Conjurations
   313 | D:1      | Reached skill level 3 in Fire Magic
   313 | D:1      | Reached XP level 2. HP: 15/20 MP: 4/7
  1192 | D:2      | Reached XP level 3. HP: 26/26 MP: 0/8
  1782 | D:2      | Learned a level 2 spell: Scorch
  1786 | D:2      | Learned a level 3 spell: Inner Flame
  2081 | D:2      | Reached XP level 4. HP: 34/34 MP: 2/9
  2819 | D:3      | Reached skill level 1 in Fighting
  3213 | D:3      | Noticed a phantom
  3218 | D:3      | Killed a phantom
  3219 | D:3      | Reached skill level 1 in Staves
  3219 | D:3      | Reached XP level 5. HP: 40/40 MP: 2/11
  3864 | D:4      | Noticed Sigmund
  3871 | D:4      | Killed Sigmund
  3872 | D:4      | Reached skill level 1 in Hexes
  3872 | D:4      | Reached skill level 4 in Fire Magic
  3872 | D:4      | Reached XP level 6. HP: 47/47 MP: 4/12
  3980 | D:4      | Found the +1 cloak of Starlight {*Dazzle EV+4 Stlth--}
  4154 | D:4      | Identified the ring of Sovereignty {rPois Str+4 Stlth+}
  4536 | D:4      | Noticed a cacodemon
  4536 | D:4      | Noticed an angel
  4980 | D:4      | Reached XP level 7. HP: 55/55 MP: 13/14
  5218 | D:5      | Entered Level 5 of the Dungeon
  5447 | D:5      | Learned a level 4 spell: Sticky Flame
  5513 | D:5      | Identified a scroll of acquirement
  5513 | D:5      | Acquired the ring of the Hare {EV+8}
  5513 | D:5      | Found the ring of the Hare {EV+8}
  5769 | D:5      | Noticed a steam dragon
  5783 | D:5      | Killed a steam dragon
  6575 | D:6      | Reached skill level 5 in Fire Magic
  6784 | D:6      | Reached XP level 8. HP: 35/62 MP: 11/16
  7477 | D:6      | Found a staircase to the Ecumenical Temple.
  8198 | D:7      | Identified the +10 dagger of Usootien {speed, Str+6 Int+2}
  8577 | D:7      | Reached skill level 5 in Conjurations
  8971 | D:7      | Noticed Pikel
  8980 | D:7      | Killed Pikel
  8981 | D:7      | Reached skill level 6 in Fire Magic
  8981 | D:7      | Reached XP level 9. HP: 70/70 MP: 10/18
  9390 | D:6      | Learned a level 2 spell: Blink
  9967 | D:8      | Found a flagged portal.
 10052 | Bailey   | Entered a bailey
 10075 | Bailey   | Reached skill level 1 in Translocations
 10362 | Bailey   | Noticed an orc knight
 10725 | D:8      | Noticed Erica
 10737 | D:8      | Killed Erica
 10738 | D:8      | Reached skill level 7 in Fire Magic
 11683 | D:8      | Found Vajurch's Assorted Antiques.
 11692 | D:8      | Bought an ancient leather armour for 189 gold pieces
 11692 | D:8      | Identified the +2 leather armour of the Valley {rF+ Int+4}
                  | (You bought it in a shop on level 8 of the Dungeon)
 11869 | D:9      | Reached XP level 10. HP: 55/80 MP: 11/20
 12298 | D:8      | Learned a level 4 spell: Flame Wave
 12783 | D:9      | Noticed a death yak
 12784 | D:9      | Noticed a death yak
 12784 | D:9      | Noticed a death yak
 12789 | D:9      | Reached skill level 1 in Armour
 12789 | D:9      | Reached skill level 5 in Dodging
 12793 | D:9      | Killed a death yak
 12793 | D:9      | Killed a death yak
 12802 | D:9      | Killed a death yak
 12803 | D:9      | Reached skill level 5 in Spellcasting
 13073 | D:9      | Found a staircase to the Lair.
 13389 | Lair:1   | Entered Level 1 of the Lair of Beasts
 13408 | Lair:1   | Reached skill level 5 in Fighting
 13663 | Lair:1   | Reached skill level 8 in Fire Magic
 14169 | Lair:1   | Acquired 775 gold pieces
 14215 | Lair:1   | You fall into a shaft and drop 1 floor!
 14293 | Lair:2   | Killed by an exploding yak... ignited by their inner flame

Illustrated notes

Levels and vault maps discovered:
D:1:      scummos_arrival_gate, layout_rooms,
          shapermc_ecumenical_altar_acropolis, minmay_rat_gold_closets
D:2:      layout_rooms, minmay_pentomino_z4
D:3:      layout_loops_ring, serial_glass, glass_columns_a, glass_columns_a,
          chequers_serial_rivers_room_b, serial_park_tiny_1
D:4:      layout_cave_pools, grunt_temple_overflow_order_and_chaos_2,
          kennysheep_generic_room_8, uniq_sigmund
D:5:      layout_gridville, lemuel_round_altar, lemuel_crystal_altar
D:6:      layout_rooms, minmay_temple_entry_ruins, lemuel_flamethrower_1
D:7:      layout_loops_ring, minmay_checkerbox, uniq_pikel
D:8:      layout_loops_ring, kiku_gazebo_garden_becter, serial_shops, shop,
          enter_bailey_5, uniq_erica
D:9:      layout_big_octagon, lemuel_round_altar, dpeg_lair_monsters,
          skrybe_limestone_x, grunt_ministairs_10, kennysheep_cross_bottleneck
Lair:1:   layout_regular_city, serial_bayou_lagoon_a,
          nicolae_quartered_pool_impasse
Lair:2:   layout_layer_cave, serial_bayou_shore_b, grunt_megastairs_1

Skill      XL: |  1  2  3  4  5  6  7  8  9 10 |
---------------+-------------------------------+-----
Conjurations   | 1 2 3 4 5 6 7 |  7.6
Fire Magic     | 3 4 5 6 7 8 |  8.1
Spellcasting   | 2 3 4 5 |  5.1
Dodging        | 2 3 4 5 |  5.4
Stealth        | 2 |  2.5
Fighting       | 1 2 3 4 5 |  5.1
Staves         | 1 2 |  2.5
Hexes          | 1 2 3 4 |  4.9
Translocations | 2 3 |  3.3
Armour         | 2 |  2.2

Action                   |  1- 3 |  4- 6 |  7- 9 | 10-12 || total
-------------------------+-------+-------+-------+-------++-------
Melee: Quarterstaff      |     3 |       |     1 |       ||     4
       Trident           |     2 |    10 |     5 |       ||    17
       Dagger            |       |       |    38 |    34 ||    72
 Cast: Foxfire           |   110 |    87 |   154 |    16 ||   367
       Scorch            |       |    15 |    67 |    15 ||    97
       Sticky Flame      |       |       |     9 |     8 ||    17
       Inner Flame       |       |       |    10 |    17 ||    27
       Flame Wave        |       |       |       |     1 ||     1
  Use: Scroll            |       |     7 |     8 |     4 ||    19
       Potion            |       |       |     2 |     1 ||     3
 Stab: Sleeping          |     1 |       |     1 |       ||     2
       Invisible         |       |       |     1 |     2 ||     3
Armor: Robe              |    12 |     4 |     2 |       ||    18
       Steam dragon scal |       |       |    15 |       ||    15
       Leather armour    |       |       |     1 |     4 ||     5
Dodge: Dodged            |    18 |    17 |   133 |    61 ||   229
Block: Other             |       |       |       |     9 ||     9
